 Dungeon Crawl Stone Soup version 0.18.1-50-g88ac8fd (webtiles) character file.

103 Heatwave the Vandal (level 4, 0/35 HPs)
             Began as a Centaur Arcane Marksman on Oct 7, 2016.
             Succumbed to an adder's poison
             ... on level 3 of the Dungeon.
             The game lasted 00:09:17 (1702 turns).

Heatwave the Vandal (Centaur Arcane Marksman)       Turns: 1702, Time: 00:09:17

Health: 0/35       AC:  7    Str: 13    XL:     4   Next: 51%
Magic:  5/5        EV:  9    Int: 12    God:
Gold:   67         SH:  0    Dex: 10    Spells: 1 memorised, 4 levels left

rFire  . . .     SeeInvis .     a - +1 hunting sling
rCold  . . .     Gourm    .     i - +0 leather armour
rNeg   . . .     Faith    .     (no shield)
rPois  .         Spirit   .     j - +0 helmet
rElec  .         Dismiss  .     l - +1 cloak
rCorr  .         Reflect  .     (no gloves)
SustAt .         Harm     .     (no barding)
MR     .....                    (no amulet)
Stlth  ..........               (no ring)
                                (no ring)

@: lethally poisoned (0 -> -10), very quick, not resistant to hostile
enchantments, extremely unstealthy
A: hooves 3, deformed body, speed 2, tough skin 3
a: no special abilities


You were on level 3 of the Dungeon.
You were not hungry.

You visited 1 branch of the dungeon, and saw 3 of its levels.

You collected 67 gold pieces.

Inventory:

Hand Weapons
 a - a +1 hunting sling (weapon)
Missiles
 d - 35 sling bullets (quivered)
 e - 69 stones
Armour
 i - a +0 leather armour (worn)
 j - a +0 helmet (worn)
 l - a +1 cloak (worn)
Jewellery
 h - an uncursed amulet of the gourmand {unknown}
Scrolls
 k - 2 scrolls of recharging
Books
 c - a book of Debilitation

   Spells                             Type                      Level
   a - Corona                         Hexes                        1
   b - Slow                           Hexes                        2
   c - Gell's Gravitas                Hexes/Translocation          3
   d - Inner Flame                    Hexes/Fire                   3
   e - Cause Fear                     Hexes                        4
   f - Leda's Liquefaction            Hexes/Earth                  4
Comestibles
 f - a bread ration


   Skills:
 - Level 1.0 Fighting
 * Level 4.4 Slings
 + Level 1.6 Dodging
 + Level 1.1 Spellcasting
 + Level 3.2 Hexes


You had 4 spell levels left.
You knew the following spells:

 Your Spells              Type           Power        Failure   Level  Hunger
a - Corona                Hex            #......      12%         1    ##.....


Dungeon Overview and Level Annotations

Branches:
Dungeon (2/15)

Altars:

Annotations:
D:3 Peloso's ghost, amateur MiFi


Innate Abilities, Weirdness & Mutations

You have hooves in place of feet.
Armour fits poorly on your strangely shaped body.
You cover ground very quickly.
You have extremely tough skin (AC +3).


Message History

You feel sick. The adder barely misses you.
The adder bites you but does no damage.
Really attack while wielding your +1 hunting sling? [Y]es or [N]o only, please.
Really attack while wielding your +1 hunting sling? [Y]es or [N]o only, please.
Really attack while wielding your +1 hunting sling? [Y]es or [N]o only, please.
Really attack while wielding your +1 hunting sling?
Okay, then.
Firing (i - inventory. (,) - cycle):
d - 36 sling bullets (quivered)
Press: ? - help, Shift-Dir - straight line, f/p - adder
Aim: an adder (severely wounded)
You shoot a sling bullet. The sling bullet hits the adder!
You kill the adder!
* * * LOW HITPOINT WARNING * * *
You feel sick. The adder bites you but does no damage.
The adder barely misses you.
You see here 4 sling bullets.
You die...

###########
#.(@....(.#
#S#######.# #w# #.#
#W# ####...#########
#.###....#..........
#(##...#...######.##
#.#.....#.# #.#
#(..S.....# #.##
###.....## #...


You could see an adder.

Vanquished Creatures
  Crazy Yiuf (D:3)
  4 adders (D:3)
  An ooze (D:3)
  3 dart slugs
  A giant gecko (D:1)
  4 bats (D:1)
  A giant cockroach (D:3)
  2 goblins
  5 hobgoblins
  2 jackals (D:1)
  2 kobolds
  3 rats (D:1)
29 creatures vanquished.

Notes
Turn   | Place    | Note
--------------------------------------------------------------
     0 | D:1      | Heatwave the Centaur Arcane Marksman began the quest for the Orb.
     0 | D:1      | Reached XP level 1. HP: 16/16 MP: 2/2
   202 | D:1      | Reached XP level 2. HP: 17/23 MP: 3/3
   959 | D:2      | You fall through a shaft!
   981 | D:3      | Reached skill level 3 in Slings
   981 | D:3      | Reached XP level 3. HP: 26/28 MP: 4/4
  1231 | D:3      | Noticed Crazy Yiuf
  1266 | D:3      | Killed Crazy Yiuf
  1266 | D:3      | Reached skill level 4 in Slings
  1266 | D:3      | Reached XP level 4. HP: 11/35 MP: 5/5
  1622 | D:3      | Noticed Peloso's ghost (amateur MiFi)
  1700 | D:3      | HP: 1/35 [poisoned by an adder]
  1702 | D:3      | Succumbed to an adder's poison

Skill      XL: |  1  2  3 |
---------------+----------+-----
Hexes          | 3 |  3.2
Slings         | 3 4 |  4.4
Fighting       | |  1.0
Dodging        | |  1.6
Spellcasting   | |  1.1

Action                   |  1- 3 |  4- 6 || total
-------------------------+-------+-------++-------
 Fire: Hunting sling     |    95 |    34 ||   129
 Cast: Corona            |     1 |       ||     1
  Use: Scroll            |     2 |     1 ||     3
  Eat: Fruit             |       |     1 ||     1
Armor: Robe              |     7 |       ||     7
       Leather armour    |    15 |    19 ||    34
Dodge: Dodged            |    16 |    18 ||    34
